 Dungeon Crawl Stone Soup version 0.29-a0-333-gb4c28e87c6 (webtiles) character file.

Game seed: 14336009565265139887

9 Jortsu the Skirmisher (level 2, 22/24 HPs)
             Began as a Demonspawn Fighter on Apr 13, 2022.
             Quit the game on level 1 of the Dungeon.
             The game lasted 00:00:23 (176 turns).

Jortsu the Skirmisher (Demonspawn Fighter)           Turns: 176, Time: 00:00:24

Health: 22/24      AC:  6    Str: 16    XL:     2   Next: 3%
Magic:  2/2        EV:  8    Int:  9    God:
Gold:   15         SH:  4    Dex: 12    Spells: 1/1 levels left

rFire   . . .      SeeInvis .   a - +0 war axe
rCold   . . .      Faith    .   c - +0 buckler
rNeg    . . .      Spirit   .   b - +0 scale mail
rPois   .          Reflect  .   (no helmet)
rElec   .          Harm     .   (no cloak)
rCorr   .          Rampage  .   (no gloves)
Will    .....                   (no boots)
Stlth   ..........              (no amulet)
HPRegen 0.08/turn               (no ring)
MPRegen 0.08/turn               (no ring)

@: no status effects
A: demonic touch 1
a: no special abilities


You were on level 1 of the Dungeon.
You visited 1 branch of the dungeon, and saw 1 of its levels.

You collected 15 gold pieces.

Inventory:

Hand Weapons
 a - a +0 war axe (weapon)
Armour
 b - a +0 scale mail (worn)
 c - a +0 buckler (worn)
Scrolls
 f - 2 scrolls of teleportation {unknown}
 g - a scroll of enchant armour {unknown}
Potions
 d - a potion of might
 e - a potion of flight {unknown}


   Skills:
 + Level 3.1 Fighting
 + Level 1.8 Axes
 + Level 2.8 Armour
 + Level 2.9 Shields


You had one spell level left.
You didn't know any spells.
Your spell library was empty.

Dungeon Overview and Level Annotations

Branches:
Dungeon (1/15)

Altars:


Innate Abilities, Weirdness & Mutations

Your touch may inflict minor irresistible damage on your foes.


Message History

Found 9 gold pieces.
You slash the frilled lizard!
You kill the frilled lizard!
You see here a frilled lizard corpse.
You now have 15 gold pieces (gained 9).
Found a stone staircase leading down.
A rat comes into view.
A rat is nearby!
A dart slug comes into view.
The dart slug launches a dart at you. The slug dart hits you.
Found a robe.
You closely miss the rat. The rat barely misses you.
You hit the rat but do no damage. The rat barely misses you.
The dart slug launches a dart at you. The slug dart misses you.
The rat completely misses you.
You slash the rat!
You kill the rat!
A ball python and an endoplasm come into view.
The ball python hisses angrily.
The endoplasm quivers.
You see here a rat corpse.
The dart slug launches a dart at you.
The slug dart hits you but does no damage.
You block the dart slug's attack.
You hit the dart slug.
The dart slug is lightly wounded.
The dart slug bites you but does no damage.
You slash the dart slug!
The dart slug is almost dead.
You block the dart slug's attack.
You slash the dart slug!
You kill the dart slug!
You closely miss the ball python.
The ball python bites you but does no damage.
You block the ball python's attack.
You have reached level 2!
Your demonic ancestry asserts itself...
Your hands begin to faintly glow with unholy energy.
Are you sure you want to abandon this character and quit the game? (Confirm with "yes".)

#...# ...# #...#
..# #...##..>#.
#..........
..########.###.#..
.......†...##....
...............#
.........J.###.#
.[.......S@#
.................#
..................
..................
..................
##########.......
......# ......#


You could see an endoplasm and a ball python.

Vanquished Creatures
  A dart slug (D:1)
  A bat (D:1)
  A hobgoblin (D:1)
  A kobold (D:1)
  A ball python (D:1)
  A frilled lizard (D:1)
  A rat (D:1)
7 creatures vanquished.

Notes
Turn   | Place    | Note
-------+----------+-------------------------------------------
     0 | D:1      | Jortsu the Demonspawn Fighter began the quest for the Orb.
     0 | D:1      | Reached XP level 1. HP: 18/18 MP: 1/1
   176 | D:1      | Gained mutation: Your touch may inflict minor irresistible
                  | damage on your foes. [demonic ancestry]
   176 | D:1      | Reached XP level 2. HP: 22/24 MP: 2/2
   176 | D:1      | Quit the game

Illustrated notes

Levels and vault maps discovered:
D:1:      ldierk_walled_garden_2, layout_basic, roderic_serpentine_path

Action                   || total
-------------------------++-------
Melee: War axe           ||    16
Armor: Scale mail        ||    13
Dodge: Dodged            ||    16
Block: Buckler           ||     4

Table legend: (Time is in decaauts)
 A = Elapsed time spent in this place.
 B = Non-inter-level travel time spent in this place.
 C = Inter-level travel time spent in this place.
 D = Time resting spent in this place.
 E = Time spent auto-exploring this place.
 F = Levels seen in this place.
 G = Mean time per level.
                   A        B        C        D        E       F      G
               +--------+--------+--------+--------+--------+-----+--------+
         Total |    183 |    183 |      0 |      0 |    115 |   1 |  183.0 |
       Dungeon |    183 |    183 |      0 |      0 |    115 |   1 |  183.0 |
               +--------+--------+--------+--------+--------+-----+--------+

Top non-repeatable levels by time:
     D:1: 183 daAuts
